 Dungeon Crawl Stone Soup version 0.29-a0-813-g4a14ea37d6 (webtiles) character file.

Game seed: 3329006488498600528

6 LynnLen the Vexing (level 1, -1/10 HPs)
             Began as a Vampire Enchanter on July 4, 2022.
             Slain by a kobold
             ... wielding a +0 short sword
              (2 damage)
             ... on level 1 of the Dungeon.
             The game lasted 00:02:35 (150 turns).

LynnLen the Vexing (Vampire Enchanter)               Turns: 150, Time: 00:02:35

Health: -1/10      AC:  2    Str:  7    XL:     1   Next: 75%
Magic:  3/3        EV: 12    Int: 17    God:
Gold:   18         SH:  0    Dex: 14    Spells: 4/4 levels left

rFire   . . .      SeeInvis +   e - +0 rapier
rCold   + + .      Faith    .   (no shield)
rNeg    + + +      Spirit   .   b - +0 robe
rPois   ∞          Reflect  .   (no helmet)
rElec   .          Harm     .   (no cloak)
rCorr   .          Rampage  .   (no gloves)
Will    .....                   (no boots)
Stlth   +++++.....              (no amulet)
HPRegen 0.00/turn               (no ring)
MPRegen 0.08/turn               (no ring)

@: bloodless, inhibited regen, invisible
A: bloodless, fangs 3, see invisible, vampiric 1
a: Revivify


You were on level 1 of the Dungeon.
You visited 1 branch of the dungeon, and saw 1 of its levels.

You collected 18 gold pieces.

Inventory:

Hand Weapons
 a - a +1 dagger
 e - a +0 rapier (weapon)
Armour
 b - a +0 robe (worn)
 d - a +0 pair of boots
Potions
 c - a potion of invisibility


   Skills:
 + Level 1.1 Short Blades
 - Level 2.1 Dodging
 + Level 4.6 Stealth
 + Level 2.0 Spellcasting
 + Level 4.8 Hexes


You had 4 spell levels left.
You didn't know any spells.
Your spell library contained the following spells:

 Spells                   Type           Power      Damage    Failure   Level
 Confusing Touch          Hex            18%        N/A       8%          3
 Tukima's Dance           Hex            18%        N/A       8%          3
 Ensorcelled Hibernation  Hex/Ice        18%        N/A       11%         2
 Dazzling Flash           Conj/Hex       18%        N/A       22%         3


Dungeon Overview and Level Annotations

Branches:
Dungeon (1/15)

Altars:


Innate Abilities, Weirdness & Mutations

You do not regenerate when monsters are visible.
You are frail without blood (-20% HP).
You can heal yourself when you bite living creatures.
You are immune to poison.
You have razor-sharp teeth.
You have supernaturally acute eyesight. (SInv)
You are afflicted with vampirism.


Message History

Found 12 gold pieces.
A rat comes into view.
Found a barding, a wooden ring and 19 gold pieces.
Found a spear.
The helpless rat fails to defend itself.
You bite the rat, and draw its blood!
You feel better.
You impale the rat!!
You kill the rat!
You now have 18 gold pieces (gained 9).
Found a short sword.
A kobold comes into view. It is wielding a +0 short sword.
The kobold shouts!
A ball python comes into view.
A kobold comes into view. It is wielding a +0 short sword.
The kobold closely misses you.
A frilled lizard comes into view.
The ball python hisses angrily.
The frilled lizard hisses angrily.
You hit the kobold but do no damage. The kobold hits you but does no damage.
You puncture the kobold!
You kill the kobold!
The ball python misses you. The ball python barely misses you.
You barely miss the ball python.
The ball python bites you but does no damage.
The ball python grabs you. The ball python constricts you.
You closely miss the ball python. The ball python bites you.
The ball python constricts you. The ball python misses you.
The ball python constricts you.
You hit the ball python but do no damage.
The kobold hits you but does no damage.
The ball python bites you but does no damage.
The ball python constricts you.
Okay, then.
Unknown command.
You fade into invisibility!
The kobold barely misses you. The ball python bites you.
* * * LOW HITPOINT WARNING * * *
The ball python constricts you.
* * * LOW HITPOINT WARNING * * *
You escape the ball python's grasp.
The kobold hits you with a +0 short sword.
You die...

#.............
#....$....... #.........#.#
#####..[......#.###########
#....).....................
#.............#.#####.#####
#......=.S†...#.# #.# #
#....)..lK....#.# #.## #
#.....####@####.# #..# #
#..... #.# #.# ##.## #
###..S ... #.# ##.### #...
....# #.# #♣♣#♣.## #.lK
...... #.# #♣..♣.♣##
#........#.##.# ♣<...♣# #
#......).#.##.# #♣♣#♣.# #
.......#..#.# ##.# # #.#.#
#.##


You could see a ball python (unable to see you), a kobold (unable to see you)
and a frilled lizard (unable to see you).

Vanquished Creatures
  2 ball pythons (D:1)
  2 kobolds (D:1)
  A bat (D:1)
  A rat (D:1)
6 creatures vanquished.

Notes
Turn   | Place    | Note
-------+----------+-------------------------------------------
     0 | D:1      | LynnLen the Vampire Enchanter began the quest for the Orb.
     0 | D:1      | Reached XP level 1. HP: 13/13 MP: 3/3
   150 | D:1      | Slain by a kobold

Illustrated notes

Levels and vault maps discovered:
D:1:      pf_arrival_petrified_forest, layout_basic,
          shapermc_ecumenical_altar_acropolis

Action                   || total
-------------------------++-------
Melee: Rapier            ||     6
       Dagger            ||     4
 Abil: Exsanguinate      ||     1
  Use: Potion            ||     1
 Stab: Sleeping          ||     2
Armor: Robe              ||     4
Dodge: Dodged            ||     5

Table legend: (Time is in decaauts)
 A = Elapsed time spent in this place.
 B = Non-inter-level travel time spent in this place.
 C = Inter-level travel time spent in this place.
 D = Time resting spent in this place.
 E = Time spent auto-exploring this place.
 F = Levels seen in this place.
 G = Mean time per level.
                   A        B        C        D        E       F      G
               +--------+--------+--------+--------+--------+-----+--------+
         Total |    149 |    147 |      2 |      0 |     12 |   1 |  149.0 |
       Dungeon |    149 |    147 |      2 |      0 |     12 |   1 |  149.0 |
               +--------+--------+--------+--------+--------+-----+--------+

Top non-repeatable levels by time:
     D:1: 149 daAuts
